 Dungeon Crawl Stone Soup version 0.21.1-1-g345015fe64 (webtiles) character file.

89 DildoBatman the Magician (level 4, -2/34 HPs)
             Began as a Formicid Wizard on May 18, 2018.
             Slain by a hound (4 damage)
             ... on level 2 of the Dungeon.
             The game lasted 00:06:30 (1952 turns).

DildoBatman the Magician (Formicid Wizard)          Turns: 1952, Time: 00:06:31

Health: -2/34      AC:  4    Str: 11    XL:     4   Next: 84%
Magic:  0/8        EV: 11    Int: 19    God:
Gold:   89         SH:  0    Dex:  9    Spells: 8/9 levels left

rFire    . . .     SeeInvis +   a - +0 spear
rCold    . . .     Gourm    .   (no shield)
rNeg     . . .     Faith    .   j - +0 leather armour
rPois    .         Spirit   .   (helmet unavailable)
rElec    .         Reflect  .   (no cloak)
rCorr    .         Harm     .   (no gloves)
MR       .....                  k - +0 pair of boots
Stlth    ++........             (no amulet)
HPRegen  0.11/turn              p - ring of teleportation (curse)
MPRegen  0.11/turn              (no ring)

@: very slightly contaminated, invisible
A: permanent stasis, dig shafts and tunnels, four strong arms, antennae 3
a: Dig, Shaft Self


You were on level 2 of the Dungeon.
You were not hungry.

You visited 1 branch of the dungeon, and saw 2 of its levels.

You collected 89 gold pieces.

Inventory:

Hand Weapons
 a - a +0 spear (weapon)
 b - a +0 mace
Missiles
 c - 153 stones (quivered)
 d - 23 sling bullets
 i - 41 arrows
 l - 18 bolts
Armour
 j - a +0 leather armour (worn)
 k - a +0 pair of boots (worn)
Jewellery
 p - a cursed ring of teleportation (left hand)
Scrolls
 g - a scroll of random uselessness {unknown}
 m - 2 scrolls of teleportation {unknown}
 n - a scroll of fear {unknown}
 o - 2 scrolls of identify {unknown}
Books
 e - a book of Minor Magic

   Spells                             Type                      Level
   a - Magic Dart                     Conjuration                  1
   b - Blink                          Translocation                2
   c - Call Imp                       Summoning                    2
   d - Slow                           Hexes                        2
   e - Conjure Flame                  Conjuration/Fire             3
   f - Mephitic Cloud                 Conjuration/Poison/Air       3
Comestibles
 f - 5 chunks of flesh
 v - 5 rations


   Skills:
 * Level 2.7 Fighting
 - Level 2.0 Polearms
 - Level 1.7 Dodging
 - Level 2.4 Stealth
 - Level 3.2 Spellcasting
 - Level 2.0 Conjurations
   Level 1.0 Summonings
   Level 0.8 Translocations


You had 8 spell levels left.
You knew the following spells:

 Your Spells              Type           Power        Failure   Level  Hunger
c - Magic Dart            Conj           ##..         9%          1    None


Dungeon Overview and Level Annotations

Branches:
Dungeon (2/15)

Altars:
Ashenzari


Innate Abilities, Weirdness & Mutations

You cannot be hasted, slowed, berserked, paralysed or teleported.
You can dig through walls and to a lower floor.
Your four strong arms can wield two-handed weapons with a shield.
You have a pair of large antennae on your head. (SInv)


Message History

The magic dart hits the hound.
The hound is heavily wounded.
The hound closely misses you.
You closely miss the hound.
The hound is heavily wounded.
The hound bites you. x2
You barely miss the hound.
The hound is heavily wounded.
The hound bites you but does no damage.
You hit the hound but do no damage.
The hound is heavily wounded.
The hound bites you. The hound barely misses you.
It was a potion of invisibility.
You fade into invisibility!
The hound pauses to sniff the ground.
The hound bites you.
You are very lightly contaminated with residual magic.
The hound bites you.
You die...

### #..........# #.#
#..........#
#.###..........#
#..............#
######............#
#........####....##
#........# ####..##
#.......)# ##..#####
#......@.# ##......
#......h.# ####...
#........# #...
###..##..# #...
#..###.# #... #. #.#
......
....##.#######...#..#.
#. #......{............
...........h...........


You could see a hound.

Vanquished Creatures
  2 gnolls
  An adder (D:2)
  An ooze (D:2)
  A worm (D:1)
  A dart slug (D:1)
  2 leopard geckos
  A ball python (D:2)
  9 bats
  4 giant cockroaches
  7 hobgoblins
  4 jackals
  2 frilled lizards
  5 goblins
  5 kobolds (D:1)
  3 rats
48 creatures vanquished.

Notes
Turn   | Place    | Note
-------+----------+-------------------------------------------
     0 | D:1      | DildoBatman the Formicid Wizard began the quest for the Orb.
     0 | D:1      | Reached XP level 1. HP: 13/13 MP: 4/4
   123 | D:1      | Reached skill level 1 in Conjurations
   216 | D:1      | Reached XP level 2. HP: 12/20 MP: 0/6
   328 | D:1      | Reached skill level 1 in Fighting
   657 | D:1      | Reached skill level 1 in Polearms
   723 | D:1      | Reached XP level 3. HP: 25/26 MP: 2/7
  1400 | D:1      | Reached XP level 4. HP: 21/33 MP: 0/8
  1717 | D:2      | Found a shattered altar of Ashenzari.
  1952 | D:2      | Slain by a hound

Skill      XL: |  1  2  3  4 |
---------------+-------------+-----
Conjurations   | 1 2 |  2.0
Fighting       | 1 2 |  2.7
Polearms       | 1 2 |  2.0
Dodging        | |  1.7
Stealth        | |  2.4
Spellcasting   | |  3.2
Summonings     | |  1.0
Translocations | |  0.8

Action                   |  1- 3 |  4- 6 || total
-------------------------+-------+-------++-------
Melee: Spear             |    56 |    49 ||   105
 Cast: Magic Dart        |    79 |    42 ||   121
 Abil: Dig               |     1 |     4 ||     5
  Use: Potion            |       |     1 ||     1
  Eat: Chunk             |     2 |     2 ||     4
Armor: Robe              |    14 |       ||    14
       Leather armour    |     8 |    18 ||    26
Dodge: Dodged            |    51 |    31 ||    82
